 Dungeon Crawl Stone Soup version 0.32-a0-931-g5a2cda0630 (webtiles) character file.

Game seed: 12870182962588542122

27 Nietzsche the Ruffian (level 3, -2/39 HPs)
             Began as a Human Shapeshifter on Apr 14, 2024.
             Slain by a scorpion (3 damage)
             ... on level 5 of the Dungeon.
             The game lasted 00:02:16 (1019 turns).

Nietzsche the Ruffian (Human Shapeshifter)          Turns: 1019, Time: 00:02:16

Health: -2/39      AC: 21    Str: 14    XL:     3   Next: 10%
Magic:  3/3        EV:  2    Int: 12    God:
Gold:   15         SH:  0    Dex: 12    Spells: 2/2 levels left

rFire   . . .        i - +0 spear
rCold   . . .        (no shield)
rNeg    . . .        a - melded +0 animal skin
rPois   +            (helmet currently unavailable)
rElec   .            (cloak currently unavailable)
rCorr   .            (gloves currently unavailable)
SInv    .            (boots currently unavailable)
Will    .....        (no amulet)
Stlth   +            (no ring)
HPRegen 0.26/turn    (no ring)
MPRegen 0.08/turn

%: no passive effects
@: lethally poisoned (-2 -> -4), tree-form
A: stationary, stasis, torment immunity, boosted hp, explore regen
a: no special abilities


You were on level 5 of the Dungeon.
You were a tree.
You visited 1 branch of the dungeon, and saw 4 of its levels.

You collected 15 gold pieces.

Inventory:

Hand Weapons
 i - a +0 spear (weapon)
 k - the +0 dagger of Theory {flame, ^Fragile Str+4 Stlth+}
   (You found it on level 5 of the Dungeon)

   Str+4:     It affects your strength (+4).
   ^Fragile:  It will be destroyed if unequipped.
   Stlth+:    It makes you more stealthy.
Armour
 a - a +0 animal skin (melded)
Jewellery
 f - a +4 ring of protection
Talismans
 c - a beast talisman (active)
 d - a flux talisman
Scrolls
 g - a scroll of fear {unknown}
 h - 2 scrolls of blinking {unknown}
Potions
 e - a potion of might {unknown}
 j - a potion of brilliance {unknown}


   Skills:
 * Level 1.0 Fighting
 + Level 2.0 Dodging
 + Level 0.4 Stealth
 + Level 3.5 Unarmed Combat
 * Level 0.1 Spellcasting
 + Level 3.4 Shapeshifting


You had 2 spell levels left.
You didn't know any spells.
Your spell library contained the following spells:

 Spells                   Type           Power      Damage    Failure   Level
 Fugue of the Fallen      Necr           0%         N/A       69%         3
 Ozocubu's Armour         Ice            0%         N/A       69%         3
 Manifold Assault         Tloc           0%         N/A       100%        7


Dungeon Overview and Level Annotations

Branches:
Dungeon (5/15)
 Temple: D:4-7

Altars:


Innate Abilities, Weirdness & Mutations

You are a tree.
Your roots penetrate the ground, keeping you stationary.
You cannot be teleported.
You are immune to unholy pain and torment.
Your maximum health is greatly increased.
Your equipment is partially melded.
You regain HP and MP as you explore.


Message History

2 scorpions come into view.
The scorpion closely misses you. The scorpion misses you.
You hit the scorpion but do no damage. The scorpion closely misses you.
You hit the scorpion but do no damage. The scorpion barely misses you.
You closely miss the scorpion. The scorpion barely misses you.
You closely miss the scorpion. The scorpion stings you!
You are poisoned.
The scorpion poisons you! The scorpion stings you.
You hit the scorpion.
The scorpion is lightly wounded.
You feel very sick. The scorpion stings you.
* * * LOW HITPOINT WARNING * * *
You closely miss the scorpion.
The scorpion is lightly wounded.
* * * LOW HITPOINT WARNING * * *
You feel very sick. The scorpion closely misses you.
Your transformation has ended.
You turn into a tree.
Your +0 animal skin melds into your body.
Your roots penetrate the ground.
* * * LOW HITPOINT WARNING * * *
You feel sick.
The scorpion stings you but does no damage. x2
You closely miss the scorpion.
The scorpion is lightly wounded.
* * * LOW HITPOINT WARNING * * *
You feel sick.
The scorpion stings you but does no damage.
You hit the scorpion but do no damage.
The scorpion is lightly wounded.
* * * LOW HITPOINT WARNING * * *
You feel sick. The scorpion completely misses you.
You barely miss the scorpion.
The scorpion is lightly wounded.
* * * LOW HITPOINT WARNING * * *
You feel sick. The scorpion stings you.
You die...

#.##..# #.##..#
#.##..# #.##..#
# #.##..#
#..####.##..#
.s......##..#
........s♣..#
...#######..#
.....#..#
.......)#######
..#####<.......
#########


You could see a scorpion.

Vanquished Creatures
  A gnoll (D:1)
  A bat (D:1)
  An endoplasm (D:1)
  3 goblins
  3 hobgoblins (D:1)
  3 ball pythons (D:1)
  2 frilled lizards (D:1)
  2 kobolds (D:1)
  A rat (D:1)
17 creatures vanquished.

Notes
Turn   | Place    | Note
-------+----------+-------------------------------------------
     0 | D:1      | Nietzsche the Human Shapeshifter began the quest for the
                  | Orb.
     0 | D:1      | Reached XP level 1. HP: 15/15 MP: 1/1
   182 | D:1      | Reached XP level 2. HP: 21/21 MP: 2/2
   581 | D:1      | Found a faded altar of an unknown god.
   692 | D:1      | Reached XP level 3. HP: 26/26 MP: 3/3
   981 | D:2      | You fall into a shaft and drop 2 floors!
   992 | D:5      | Entered Level 5 of the Dungeon
  1001 | D:5      | Identified the +0 dagger of Theory {flame, ^Fragile Str+4
                  | Stlth+}
  1006 | D:5      | Noticed a scorpion
  1006 | D:5      | Noticed a scorpion
  1018 | D:5      | HP: 1/39 [poisoned by a scorpion]
  1019 | D:5      | Slain by a scorpion

Illustrated notes

Levels and vault maps discovered:
D:1:      dpeg_arrival_houses_and_road, layout_basic,
          dreamdust_ecumenical_altar_grove, minmay_liquid_box
D:2:      layout_basic, uniq_sigmund, uniq_natasha
D:4:      layout_basic, old_standard_altar, minmay_temple_entry_slanted,
          serial_shops, nicolae_shop_just_a_little_nook
D:5:      minmay_recursive_quarters, layout_basic, uniq_edmund, uniq_menkaure

Action                     || total
---------------------------++-------
  Melee: Unarmed           ||    29
         Spear             ||    26
    Use: Potion            ||     1
   Stab: Sleeping          ||     1
 Armour: Animal skin       ||    21
         Skin              ||     4
  Dodge: Dodged            ||    27

Table legend: (Time is in decaauts)
 A = Elapsed time spent in this place.
 B = Non-inter-level travel time spent in this place.
 C = Inter-level travel time spent in this place.
 D = Time resting spent in this place.
 E = Time spent auto-exploring this place.
 F = Levels seen in this place.
 G = Mean time per level.
                   A        B        C        D        E       F      G
               +--------+--------+--------+--------+--------+-----+--------+
         Total |   1020 |   1020 |      0 |      0 |    783 |   4 |  255.0 |
       Dungeon |   1020 |   1020 |      0 |      0 |    783 |   4 |  255.0 |
               +--------+--------+--------+--------+--------+-----+--------+

Top non-repeatable levels by time:
     D:1: 931 daAuts
     D:2: 49 daAuts
     D:5: 27 daAuts
     D:4: 10 daAuts
